Map: Acropolis LE

Players

Vex

  • Race: Terran Terran
  • League: Bronze
  • Spawn Location: 5:00

Mez - Winner!

  • Race: Protoss Protoss
  • League: Master
  • Spawn Location: 11:00

VOD

Have the link to the VOD?

Description

Time

  • Played on: Aug. 17, 2019, 3:56 a.m.
  • Length: 5:24
Show
View Real Time Build Order
Export as new Build Order

Vex Terran 

Build Orders:  

Get SALT Encoding   

  12  0:03  SCV  
  13  0:19  SCV, Supply Depot  
  14  0:31  Refinery  
  14  0:38  Refinery  
  14  0:48  Barracks  
  14  0:50  SCV  
  15  1:38  SCV  
  16  1:40  Marine  
  17  1:50  SCV  
  18  2:02  SCV  
  19  2:12  Supply Depot  
  19  2:13  Reaper  
  20  2:23  SCV  
  21  2:35  SCV  
  22  2:45  Reaper, Command Center  
  22  2:47  SCV  
  24  2:59  SCV  
  25  3:10  Factory  
  25  3:11  SCV  
  25  3:23  SCV  
  24  3:35  SCV, Marine  
  25  3:47  SCV  
  26  3:53  Marine  
  27  4:07  Hellion  
  29  4:11  Marine  
  28  4:28  Hellion  
  28  4:29  Marine  
  28  4:47  Marine  
  28  4:50  Hellion  
  31  5:03  SCV, Supply Depot  
Show
View Real Time Build Order
Export as new Build Order

Mez Protoss - Winner!

Build Orders:  

Get SALT Encoding   

  12  0:00  Probe  
  13  0:12  Probe  
  14  0:18  Pylon  
  14  0:20  Probe  
  15  0:32  Probe  
  15  0:38  Gateway  
  16  0:44  Probe  
  17  0:51  Assimilator  
  17  0:56  Probe  
  18  1:08  Probe  
  19  1:21  Probe  
  20  1:34  Cybernetics Core  
  20  1:36  Probe  
  21  1:45  Nexus  
  21  1:48  Pylon  
  21  1:54  Assimilator  
  20  1:59  Probe  
  21  2:01  Adept  
  21  2:11  Probe  
  21  2:13  Warp Gate  
  24  2:21  Stalker  
  24  2:23  Probe  
  27  2:46  Robotics Facility  
  27  2:50  Probe  
  28  2:54  Stalker  
  30  2:59  Probe  
  30  3:00  Probe  
  32  3:07  Probe  
  32  3:12  Probe  
  34  3:17  Probe  
  33  3:21  Gateway  
  33  3:22  Gateway  
  33  3:24  Probe  
  34  3:29  Probe  
  35  3:37  Probe  
  35  3:40  Observer  
  36  3:41  Probe  
  38  3:49  Probe  
  38  3:54  Pylon  
  39  3:56  Probe  
  39  3:57  Twilight Council  
  39  4:01  Probe  
  41  4:03  Stalker  
  41  4:08  Probe  
  44  4:12  Immortal  
  44  4:13  Probe  
  49  4:20  Probe  
  50  4:29  Stalker x2  
  54  4:36  Pylon  
  52  4:40  Pylon  
  52  4:59  Nexus  
  52  5:02  Pylon  
  52  5:11  Stalker x3  
Tags
 
Add a new tag
Caveats
  • Supply blocks, unpowered buildings, or Contaminate may cause inaccurate times.
  • Supply counts are checked every 10 seconds.